 Seeded DCSS version 0.30.1-11-g7821555f0a (webtiles) character file.

Game seed: 5 (custom seed)

7 Kazon the Shield-Bearer (level 2, 0/19 HPs)
             Began as a Gargoyle Fighter on Nov 28, 2023.
             Slain by a jackal (2 damage)
             ... on level 1 of the Dungeon.
             The game lasted 00:00:40 (104 turns).

Kazon the Shield-Bearer (Gargoyle Fighter)           Turns: 104, Time: 00:00:41

Health: 0/19       AC:  2    Str: 19    XL:     2   Next: 0%
Magic:  2/2        EV: 11    Int:  8    God:
Gold:   0          SH:  0    Dex:  9    Spells: 1/1 levels left

rFire   . . .        (no weapon)
rCold   . . .        (no shield)
rNeg    + . .        (no body armour)
rPois   ∞            (no helmet)
rElec   +            (no cloak)
rCorr   .            (no gloves)
SInv    .            (no boots)
Will    .....        (no amulet)
Stlth   +            (no ring)
HPRegen 0.23/turn    (no ring)
MPRegen 0.08/turn

%: no passive effects
@: no status effects
A: sickness immunity, AC +2, negative energy resistance 1, electricity
resistance, torment resistance 1, petrification resistance
a: no special abilities


You were on level 1 of the Dungeon.
You visited 1 branch of the dungeon, and saw 1 of its levels.

Inventory:

Scrolls
 e - a scroll of acquirement
Potions
 d - a potion of might


   Skills:
 + Level 3.2 Fighting
 + Level 2.1 Maces & Flails
 + Level 3.4 Armour
 + Level 3.6 Shields


You had one spell level left.
You didn't know any spells.
Your spell library was empty.

Dungeon Overview and Level Annotations

Branches:
Dungeon (1/15)

Altars:


Innate Abilities, Weirdness & Mutations

You are immune to sickness and miasma.
Your stone body is resilient. (AC +2)
You are immune to poison.
You resist negative energy. (rN+)
You are resistant to electric shocks. (rElec)
You are resistant to unholy torment.
You are immune to petrification.


Message History

The goblin attacks as you move away!
The goblin splashes around in the water.
The endoplasm attacks as you move away!
The endoplasm splashes around in the water.
The goblin attacks as you move away!
The goblin splashes around in the water. 3 jackals and an endoplasm come into view.
Found 10 gold pieces and a scroll labelled FOQEFA DOBLIOG.
The jackal barks! x2
A goblin comes into view. It is wielding a +0 dagger.
The goblin attacks as you move away! The goblin closely misses you.
The jackal barely misses you. The jackal closely misses you.
You hit the endoplasm.
The endoplasm is moderately wounded.
The jackal closely misses you. x2; The endoplasm closely misses you.
The jackal misses you. The endoplasm hits you. The jackal bites you.
The endoplasm freezes you.
You are frozen.
* * * LOW HITPOINT WARNING * * *
The jackal attacks as you move away! The jackal misses you.
The jackal closely misses you. The endoplasm barely misses you.
The endoplasm attacks as you move away!
The endoplasm hits you but does no damage.
The jackal bites you.
* * * LOW HITPOINT WARNING * * *
The goblin hits the plant with a +0 dagger.
The plant begins to die.
The goblin barely misses you. The jackal attacks as you move away!
The jackal bites you.
* * * LOW HITPOINT WARNING * * *
The endoplasm attacks as you move away!
The endoplasm hits you but does no damage.
The jackal barely misses you. The goblin closely misses you.
The endoplasm jiggles.
The jackal misses you.
You hit the goblin.
The goblin is heavily wounded.
The jackal bites you.
You die...

############
#..........#
+..........+ ###
#..?.......# #..
#..........# #..
#...$....!.# #..
#...h@.....# #..
#...hghJ...# #..
#...Jg.....# #..
##..........#.# #.#
#~♣♣♣P♣.....#.# #..
##♣~~♣~~~~....#.#
#[#
♣♣~~≈~~~P~~....#.#
#.#
P~~~~≈≈≈~~~~♣#####.#
#.#
~~~~~≈≈≈~~~P~♣####.#
#.#


You could see 2 endoplasms, 3 jackals and 2 goblins.

Vanquished Creatures
  An endoplasm (D:1)
  4 jackals (D:1)
5 creatures vanquished.

Notes
Turn   | Place    | Note
-------+----------+-------------------------------------------
     0 | D:1      | Kazon the Gargoyle Fighter began the quest for the Orb.
     0 | D:1      | Reached XP level 1. HP: 14/14 MP: 1/1
    53 | D:1      | Identified a scroll of acquirement
    81 | D:1      | Reached XP level 2. HP: 9/19 MP: 2/2
   104 | D:1      | Slain by a jackal

Illustrated notes

Levels and vault maps discovered:
D:1:      ebering_trefoil_3fold, layout_basic, st_stairs_14, serial_bayou_ford_a

Action                     || total
---------------------------++-------
  Melee: Flail             ||    26
         Unarmed           ||     7
 Armour: Scale mail        ||    22
         Skin              ||     2
  Dodge: Dodged            ||    29
  Block: Buckler           ||     7
